 Dungeon Crawl Stone Soup version 0.31-a0-865-g3d5d91748a (webtiles) character file.

Game seed: 13187222916204204436

1409 ipx the Chopper (level 8, -2/40 HPs)
             Began as a Vine Stalker Fighter on Oct 10, 2023.
             Was a Follower of Okawaru.
             Slain by a gnoll sergeant
             ... wielding a +1 trident of protection
              (11 damage)
             ... on level 8 of the Dungeon.
             The game lasted 00:23:36 (1922 turns).

ipx the Chopper (Vine Stalker Fighter)              Turns: 1922, Time: 00:23:37

Health: -2/40      AC:  8    Str: 22    XL:     8   Next: 70%
Magic:  0/11       EV: 10    Int:  8    God:    Okawaru [*.....]
Gold:   284        SH:  0    Dex: 13    Spells: 7/7 levels left

rFire   . . .        c - +1 halberd (vamp)
rCold   . . .        (shield currently unavailable)
rNeg    . . .        k - +3 ring mail
rPois   .            (no helmet)
rElec   .            (no cloak)
rCorr   .            (no gloves)
SInv    .            (no boots)
Will    +....        (no amulet)
Stlth   +            (no ring)
HPRegen 1.06/turn    (no ring)
MPRegen 0.12/turn

%: guardian spirit
@: no status effects
A: fangs 3, regeneration 1, magic shield, antimagic bite, no potion heal 2
a: Renounce Religion, Heroism


You were on level 8 of the Dungeon.
You worshipped Okawaru.
Okawaru was aware of your devotion.
You visited 2 branches of the dungeon, and saw 9 of its levels.

You collected 284 gold pieces.

Inventory:

Hand Weapons
 a - a +1 war axe
 c - a +1 vampiric halberd (weapon)
Missiles
 b - 8 poisoned darts (quivered)
 j - 4 boomerangs
Armour
 k - a +3 ring mail (worn)
 s - a +0 kite shield
Magical Staves
 e - a staff of fire
Wands
 h - a wand of light (4)
 o - a wand of mindburst (11)
Scrolls
 f - 4 scrolls of teleportation
 g - a scroll of revelation {unknown}
Potions
 d - a potion of might
 i - a potion of heal wounds {unknown}
 l - 2 potions of enlightenment
 m - 2 potions of cancellation {unknown}
 n - 2 potions of curing
 p - 2 potions of lignification {unknown}
 q - 2 potions of magic {unknown}
 r - 3 potions of attraction


   Skills:
 - Level 3.0 Fighting
 - Level 7.0(7.3) Axes
 * Level 3.1(5.4) Polearms
 - Level 3.0 Throwing
 - Level 2.4 Armour
 - Level 2.6 Shields
 + Level 3.2 Invocations
 - Level 3.0 Evocations


You had 7 spell levels left.
You didn't know any spells.
Your spell library was empty.

Dungeon Overview and Level Annotations

Branches:
Dungeon (8/15)             Temple (1/1) D:6
   Lair: D:8-11

Altars:
Ashenzari
Cheibriados
Dithmenos
Elyvilon
Fedhas
Hepliaklqana
Kikubaaqudgha
Makhleb
Nemelex Xobeh
Okawaru
Qazlal
Ru
Sif Muna
Trog
Vehumet
Wu Jian
Xom
Yredelemnul
Zin
The Shining One


Innate Abilities, Weirdness & Mutations

You have razor-sharp teeth.
Your natural rate of healing is unusually fast.
When hurt, damage is shared between your health and your magic reserves.
Your bite disrupts and absorbs the magic of your enemies.
Potions cannot restore your health.


Message History

The gnoll sergeant hits you from afar with a +1 trident of protection.
* * * LOW HITPOINT WARNING * * *
Reach: c) +1 halberd (vamp)
Press: ? - help, Dir - move target, f/p - gnoll sergeant
Aim: a gnoll sergeant, wielding a +1 trident of protection and wearing a +0 ring mail (moderately wounded, blind, very poisoned, about 38% to evade your +1 vampiric halberd)
You reach to attack!
You slash the gnoll sergeant!
The gnoll sergeant is severely wounded.
The gnoll sergeant barely misses you.
Reach: c) +1 halberd (vamp)
Press: ? - help, Dir - move target, f/p - gnoll sergeant
Aim: a gnoll sergeant, wielding a +1 trident of protection and wearing a +0 ring mail (severely wounded, blind, very poisoned, about 38% to evade your +1 vampiric halberd)
You reach to attack!
You hit the gnoll sergeant but do no damage.
The gnoll sergeant is severely wounded.
The gnoll sergeant barely misses you.
Reach: c) +1 halberd (vamp)
Press: ? - help, Dir - move target, f/p - gnoll sergeant
Aim: a gnoll sergeant, wielding a +1 trident of protection and wearing a +0 ring mail (severely wounded, blind, very poisoned, about 38% to evade your +1 vampiric halberd)
You reach to attack!
You hit the gnoll sergeant but do no damage.
The gnoll sergeant is severely wounded.
The gnoll sergeant hits you from afar with a +1 trident of protection.
* * * LOW HITPOINT WARNING * * *
The gnoll sergeant hits you from afar with a +1 trident of protection.
Reach: c) +1 halberd (vamp)
Press: ? - help, Dir - move target, f/p - gnoll sergeant
Aim: a gnoll sergeant, wielding a +1 trident of protection and wearing a +0 ring mail (severely wounded, blind, poisoned, about 38% to evade your +1 vampiric halberd)
You reach to attack!
You hit the gnoll sergeant but do no damage.
The gnoll sergeant is severely wounded.
The gnoll sergeant hits you from afar with a +1 trident of protection.
* * * LOW HITPOINT WARNING * * *
Reach: c) +1 halberd (vamp)
Press: ? - help, Dir - move target, f/p - gnoll sergeant
Aim: a gnoll sergeant, wielding a +1 trident of protection and wearing a +0 ring mail (severely wounded, blind, poisoned, about 38% to evade your +1 vampiric halberd)
You reach to attack!
You hit the gnoll sergeant but do no damage.
The gnoll sergeant is severely wounded.
The gnoll sergeant hits you from afar with a +1 trident of protection!
You die...

... ... .g. #g#
#g# #g# #)# ##@##
####...####.#
#......^....##
#.#.....##.).#
###.#.....#.....
<.......†........
####.#...<.#....
#.#......$.... #
#######.....


You could see a gnoll sergeant (blind, poisoned) and 3 gnolls.

Vanquished Creatures
  2 water moccasins
  2 black bears
  A sky beast (D:7)
  A centaur (D:5)
  An ogre (D:5)
  A phantom (D:6)
  Blork the orc (D:4)
  A bullfrog (D:8)
  A gnoll sergeant (D:6)
  2 scorpions
  3 hounds
  A sleepcap (D:6)
  An iguana (D:5)
  3 orc wizards
  6 gnolls
  6 adders
  2 dart slugs
  8 orcs
  5 endoplasms
  3 giant cockroaches (D:2)
  6 goblins
  2 hobgoblins (D:2)
  4 jackals (D:3)
  3 kobolds
  A quokka (D:2)
  6 ball pythons
  5 bats
  3 frilled lizards
  4 rats
85 creatures vanquished.

Notes
Turn   | Place    | Note
-------+----------+-------------------------------------------
     0 | D:1      | ipx the Vine Stalker Fighter began the quest for the Orb.
     0 | D:1      | Reached XP level 1. HP: 11/11 MP: 2/2
    71 | D:1      | Reached skill level 2 in Axes
   118 | D:1      | Reached XP level 2. HP: 16/16 MP: 3/3
   330 | D:2      | Reached skill level 3 in Axes
   332 | D:2      | Reached XP level 3. HP: 19/19 MP: 4/4
   658 | D:2      | Reached XP level 4. HP: 23/23 MP: 5/5
   674 | D:4      | Noticed a black bear
   680 | D:3      | Reached skill level 1 in Evocations
   865 | D:4      | Reached skill level 4 in Axes
   873 | D:4      | Reached XP level 5. HP: 27/27 MP: 6/6
   884 | D:5      | Entered Level 5 of the Dungeon
   892 | D:4      | Noticed Blork the orc
   900 | D:4      | Killed Blork the orc
   932 | D:4      | Reached XP level 6. HP: 32/32 MP: 5/7
  1018 | D:4      | Reached skill level 5 in Axes
  1054 | D:5      | Reached skill level 1 in Throwing
  1142 | D:6      | Noticed an ice beast
  1182 | D:6      | Reached XP level 7. HP: 35/35 MP: 8/8
  1194 | D:6      | Found a staircase to the Ecumenical Temple.
  1204 | Temple   | Entered the Ecumenical Temple
  1224 | Temple   | Became a worshipper of Warmaster Okawaru
  1462 | D:5      | Reached skill level 6 in Axes
  1499 | D:5      | Reached * piety under Okawaru
  1506 | D:5      | Reached skill level 1 in Invocations
  1506 | D:5      | Gained mutation: You have razor-sharp teeth. [Vine Stalker
                  | growth]
  1506 | D:5      | Reached XP level 8. HP: 39/39 MP: 7/9
  1633 | D:6      | Reached skill level 7 in Axes
  1752 | D:6      | Reached skill level 1 in Polearms
  1779 | D:6      | Found a burning altar of Makhleb.
  1782 | D:6      | Found a stormy altar of Qazlal.
  1903 | D:8      | HP: 1/40 [water moccasin (3)]
  1922 | D:8      | Slain by a gnoll sergeant

Illustrated notes

Levels and vault maps discovered:
D:1:      onia_arrival_mini_maze_b, layout_loops_ring, chequers_garden,
          minmay_close_crescents
D:2:      layout_basic, minmay_pentomino_pile
D:3:      layout_loops_ring
D:4:      layout_basic, serial_bayou_lagoon_b, uniq_blork_the_orc
D:5:      layout_basic, grunt_ministairs_5, uniq_menkaure
D:6:      layout_basic, nicolae_overflow_squiral,
          minmay_temple_entry_statues_fountains, minivault_25,
          grunt_decor_resistance, chequers_decorated_corner
D:7:      layout_gridville, dreamdust_gnoll_shepherd, uniq_jeremiah, uniq_joseph
D:8:      layout_loops_ring
Temple:   compressed_dpeg_circular_temple

Skill      XL: |  1  2  3  4  5  6  7  8 |
---------------+-------------------------+-----
Axes           | 2 3 4 5 6 7 |  7.0
Evocations     | 2 3 |  3.0
Throwing       | 2 3 |  3.0
Invocations    | 1 3 |  3.2
Fighting       | 3 |  3.0
Polearms       | 3 |  3.1
Armour         | |  2.4
Shields        | |  2.6

Action                     |  1- 3 |  4- 6 |  7- 9 || total
---------------------------+-------+-------+-------++-------
  Melee: War axe           |    69 |    73 |    39 ||   181
         Bite              |    11 |    19 |    19 ||    49
         Halberd           |       |       |    24 ||    24
  Throw: Boomerang         |     3 |     4 |    19 ||    26
         Dart              |       |     5 |    11 ||    16
  Evoke: Wand              |       |     3 |     5 ||     8
    Use: Scroll            |       |     7 |     1 ||     8
         Potion            |       |       |     2 ||     2
   Stab: Invisible         |       |       |     1 ||     1
 Armour: Scale mail        |    21 |       |       ||    21
         Ring mail         |     4 |    53 |    68 ||   125
  Dodge: Dodged            |    33 |    39 |    33 ||   105
  Block: Buckler           |    13 |    19 |     8 ||    40
         Kite shield       |       |       |     3 ||     3

Table legend: (Time is in decaauts)
 A = Elapsed time spent in this place.
 B = Non-inter-level travel time spent in this place.
 C = Inter-level travel time spent in this place.
 D = Time resting spent in this place.
 E = Time spent auto-exploring this place.
 F = Levels seen in this place.
 G = Mean time per level.
                   A        B        C        D        E       F      G
               +--------+--------+--------+--------+--------+-----+--------+
         Total |   1994 |   1929 |     65 |      0 |      0 |   9 |  221.6 |
       Dungeon |   1953 |   1926 |     27 |      0 |      0 |   8 |  244.1 |
        Temple |     40 |      2 |     38 |      0 |      0 |   1 |   40.0 |
               +--------+--------+--------+--------+--------+-----+--------+

Top non-repeatable levels by time:
     D:6: 489 daAuts
     D:2: 369 daAuts
     D:3: 321 daAuts
     D:4: 293 daAuts
     D:5: 267 daAuts
     D:1: 134 daAuts
  Temple: 40 daAuts
     D:7: 39 daAuts
     D:8: 38 daAuts
